 Dungeon Crawl Stone Soup version bcrawl-1.28 (webtiles) character file.

Game seed: 313668494830047784

146334 MisterOstroum the Caller (level 5, -6/31 HPs)
             Began as a Fairy Summoner on Nov 22, 2020.
             Mangled by an orc warrior
             ... wielding a +0 trident
              (21 damage)
             ... on level 4 of the Dungeon.
             The game lasted 00:07:40 (2683 turns).

MisterOstroum the Caller (Fairy Summoner)           Turns: 2683, Time: 00:07:41

Health: -6/31      AC:  7    Str:  6    XL:     5   Next: 60%
Magic:  8/11       EV: 16    Int: 20    God:
Gold:   159        SH:  4    Dex: 12    Spells: 3/10 levels left

rFire    . . .     SeeInvis .   x - staff of wizardry
rCold    . . .     Gourm    .   (shield currently unavailable)
rNeg     . . .     Faith    .   (armour unavailable)
rPois    .         Spirit   .   (no helmet)
rElec    .         Reflect  .   (no cloak)
rCorr    .         Harm     .   (no gloves)
MR       .....                  k - +0 pair of boots {Fly}
Stlth    +.........             w - amulet of the acrobat
HPRegen  0.10/turn              c - ring of wizardry
MPRegen  0.12/turn              p - +2 ring of protection

@: flying evasively
A: small, magic attunement, unstealthy, unfitting armour, able to fly, AC/SH +4
a: Stop Flying


You were on level 4 of the Dungeon.
You were not hungry.

You visited 1 branch of the dungeon, and saw 4 of its levels.

You collected 159 gold pieces.

Inventory:

Hand Weapons
 a - a +0 spear
 h - a +0 dagger
 r - a +0 hunting sling
 t - a +0 blowgun
Missiles
 d - 113 bolts
 g - 467 arrows
 l - 82 exploding tomahawks
 m - 338 stones (quivered)
 s - 296 sling bullets
 u - 36 poisoned needles
 v - 40 poisoned tomahawks
Armour
 k - a +0 pair of boots of flying (worn)
 B - a +0 pair of gloves of archery
Magical Staves
 x - an uncursed staff of wizardry (weapon)
Jewellery
 c - a ring of wizardry (left hand)
 p - a +2 ring of protection (right hand)
 w - an amulet of the acrobat (around neck)
Scrolls
 b - a scroll of summoning
 i - 2 scrolls of amnesia {unknown}
 n - 3 scrolls of remove curse {unknown}
 o - 5 scrolls of teleportation {@r3 !r}
 y - 2 scrolls of blinking {unknown}
 A - a scroll of enchant armour {unknown}
Potions
 f - 2 potions of might {unknown}
 j - a potion of brilliance {unknown}
 q - a potion of cancellation
Comestibles
 e - 4 rations {!d}
 z - 4 chunks of flesh


   Skills:
 - Level 2.6 Dodging
 - Level 1.5 Stealth
 + Level 3.2 Spellcasting
 * Level 2.3 Conjurations
 - Level 6.6 Summonings


You had 3 spell levels left.
You knew the following spells:

 Your Spells              Type           Power        Failure   Level  Hunger
a - Magic Dart            Conj           ##..         1%          1    None
b - Call Imp              Summ           ####..       1%          2    None
c - Call Canine Familiar  Summ           ####....     1%          3    None
d - Summon Small Mammal   Summ           ####         1%          1    None

Your spell library contained the following spells:

 Spells                   Type           Power        Failure   Level  Hunger
 Searing Ray              Conj           ##......     2%          2    None
 Iskenderun's Mystic Bla  Conj           ##......     4%          3    None
 Summon Ice Beast         Ice/Summ       ###.....     10%         4    None
 Fulminant Prism          Conj/Hex       #.........   22%         4    None
 Summon Lightning Spire   Summ/Air       ###.....     26%         5    None
 Irradiate                Conj/Tmut      #.........   50%         5    None


Dungeon Overview and Level Annotations

Branches:
Dungeon (4/12)
 Temple: D:4-7

Altars:
Ru
Wu Jian

Annotations:
D:4 Dowan, Duvessa


Innate Abilities, Weirdness & Mutations

Your spells do not cause hunger and MP costs are reduced by 1.
Your bright wings attract enemies. (Stealth-)
You cannot fit into any form of body armour.
Your shimmering scales are hard and can block incoming attacks. (AC +4, SH +4)
You are small and have problems with some larger weapons.
You can fly continuously.


Message History

Aiming: Magic Dart (safe; 1% risk of failure)
Press: ? - help, Shift-Dir - straight line, f/p - crimson imp
Aim: a crimson imp (severely wounded)
The magic dart hits the crimson imp.
You kill the crimson imp!
Your Conjurations skill increases to level 2!
Casting: Magic Dart (safe; 1% risk of failure)
Confirm with . or Enter, or press ? or * to list all spells.
You can't see any susceptible monsters within range! (Use Z to cast anyway.)
Casting: Magic Dart (safe; 1% risk of failure)
Confirm with . or Enter, or press ? or * to list all spells.
You can't see any susceptible monsters within range! (Use Z to cast anyway.)
z - 4 chunks of flesh (gained 2)
You see here a howler monkey skeleton.
An orc warrior comes into view. It is wielding a +0 trident.
Duvessa, Sister of Dowan comes into view.
She is wielding a +0 short sword.
You have encountered a dangerous foe!
Duvessa shouts!
Duvessa gestures with her weapon.
Casting: Magic Dart (safe; 1% risk of failure)
Confirm with . or Enter, or press ? or * to list all spells.
Your hound disappears in a puff of smoke!
Unknown command.
Casting: Call Canine Familiar (safe; 1% risk of failure)
Confirm with . or Enter, or press ? or * to list all spells.
A beastly little devil appears in a puff of flame.
Unknown command.
Casting: Call Imp (safe; 1% risk of failure)
Confirm with . or Enter, or press ? or * to list all spells.
A shadowy apparition takes form in the air.
Your hound bites the orc warrior but does no damage.
Your crimson imp hits the orc warrior.
Your crimson imp blinks!
Unknown command.
Your hound misses the orc warrior.
Casting: Call Imp (safe; 1% risk of failure)
Confirm with . or Enter, or press ? or * to list all spells.
A metallic apparition takes form in the air.
You block the orc warrior's attack.
Your hound bites the orc warrior.
Your shadow imp closely misses the orc warrior.
Unknown command.
Your hound completely misses the orc warrior.
Something hits your iron imp!
Your shadow imp hits the orc warrior but does no damage.
Your iron imp completely misses the orc warrior.
Something hits your iron imp.
You see here a howler monkey skeleton.
Your hound bites the orc warrior.
Something hits your iron imp but does no damage.
Your iron imp closely misses the orc warrior.
Something hits your iron imp!
Your iron imp dies!
What are your orders? t - Shout!
Orders for allies: a - Attack new target. r - Retreat! s - Stop attacking. g - Guard the area. f - Follow me.
Anything else - Cancel.
Okay, then.
Your hound barely misses the orc warrior.
Casting: Call Imp (safe; 1% risk of failure)
Confirm with . or Enter, or press ? or * to list all spells.
Aiming: Magic Dart (safe; 1% risk of failure)
Press: ? - help, Shift-Dir - straight line, f - orc warrior
Aim: an orc warrior, wielding a +0 trident and wearing a +0 chain mail (moderately wounded)
The magic dart hits the orc warrior but does no damage.
The orc warrior is moderately wounded.
The orc warrior closely misses you. Duvessa misses your crimson imp.
Your hound bites the orc warrior but does no damage.
Casting: Magic Dart (safe; 1% risk of failure)
Confirm with . or Enter, or press ? or * to list all spells.
Aiming: Magic Dart (safe; 1% risk of failure)
Press: ? - help, Shift-Dir - straight line, f/p - orc warrior
Aim: an orc warrior, wielding a +0 trident and wearing a +0 chain mail (moderately wounded)
The magic dart hits the orc warrior.
The orc warrior is moderately wounded.
Your hound bites the orc warrior but does no damage.
The orc warrior misses you.
Duvessa hits your shadow imp with a +0 short sword.
Casting: Magic Dart (safe; 1% risk of failure)
Confirm with . or Enter, or press ? or * to list all spells.
Aiming: Magic Dart (safe; 1% risk of failure)
Press: ? - help, Shift-Dir - straight line, f/p - orc warrior
Aim: an orc warrior, wielding a +0 trident and wearing a +0 chain mail (moderately wounded)
The magic dart hits the orc warrior.
The orc warrior is heavily wounded.
Your hound bites the orc warrior but does no damage.
The orc warrior hits you from afar with a +0 trident!
Duvessa hits your shadow imp with a +0 short sword.
Your hound bites the orc warrior but does no damage.
Your hound closely misses the orc warrior.
Your shadow imp hits Duvessa but does no damage.
Duvessa barely misses your crimson imp.
Your hound closely misses the orc warrior.
The orc warrior hits you from afar with a +0 trident!
Your hound bites the orc warrior but does no damage.
There is a stone staircase leading up here.
The orc warrior hits you from afar with a +0 trident!!
Ouch! That really hurt!
You die...

#.... #####'#.#
$.......####
........##@#
.(......##.#
........##o#####
........##.h...#
........######h#
.......5e.5ho..#
.......#########
....... .......


You could see an orc warrior and a friendly hound.

Vanquished Creatures
  A crimson imp (D:4)
  An adder (D:3)
  A leopard gecko (D:2)
  An orc (D:3)
  A giant cockroach (D:1)
  3 jackals (D:1)
  A quokka (D:3)
  2 frilled lizards
  A goblin (D:3)
  2 kobolds (D:3)
  2 rats
16 creatures vanquished.

Vanquished Creatures (collateral kills)
  A howler monkey (D:4)
  A crimson imp (D:4)
  4 gnolls (D:2)
  2 adders (D:3)
  2 adder skeletons
  2 worms (D:2)
  4 leopard geckos
  8 orcs (D:3)
  A ball python (D:1)
  A giant cockroach (D:3)
  7 goblins
  5 hobgoblins
  7 jackals
  7 kobolds
  2 quokkas (D:3)
  3 bats
  A jackal skeleton (D:2)
  5 rats
63 creatures vanquished.

Grand Total: 79 creatures vanquished

Notes
Turn   | Place    | Note
-------+----------+-------------------------------------------
     0 | D:1      | MisterOstroum the Fairy Summoner began the quest for the
                  | Orb.
     0 | D:1      | Reached XP level 1. HP: 11/11 MP: 6/6
   348 | D:1      | Reached XP level 2. HP: 13/17 MP: 7/7
   446 | D:1      | Learned a level 2 spell: Call Imp
   481 | D:1      | Reached skill level 5 in Summonings
  1164 | D:2      | Reached XP level 3. HP: 21/21 MP: 6/9
  1176 | D:2      | Learned a level 3 spell: Call Canine Familiar
  1191 | D:2      | Found an ornate altar of the Wu Jian Council.
  1408 | D:2      | Reached skill level 6 in Summonings
  1459 | D:2      | Reached XP level 4. HP: 27/27 MP: 6/10
  2422 | D:3      | Found a transporter.
  2428 | D:3      | Found a transporter.
  2469 | D:3      | Found a sacrificial altar of Ru.
  2538 | D:3      | Learned a level 1 spell: Magic Dart
  2598 | D:4      | Noticed Dowan
  2611 | D:4      | Reached skill level 1 in Conjurations
  2611 | D:4      | Reached XP level 5. HP: 30/31 MP: 8/11
  2660 | D:4      | Noticed an orc warrior
  2661 | D:4      | Noticed Duvessa
  2683 | D:4      | Mangled by an orc warrior

Skill      XL: |  1  2  3  4  5 |
---------------+----------------+-----
Summonings     | 5 6 |  6.6
Conjurations   | 1 2 |  2.3
Spellcasting   | 3 |  3.2
Dodging        | |  2.6
Stealth        | |  1.5

Action                   |  1- 3 |  4- 6 || total
-------------------------+-------+-------++-------
Melee: Unarmed           |    39 |       ||    39
       Dagger            |    65 |    50 ||   115
       Spear             |       |    11 ||    11
       Staff             |       |     3 ||     3
Throw: Tomahawk          |     1 |       ||     1
 Cast: Summon Small Mamm |    24 |     6 ||    30
       Call Imp          |    26 |    20 ||    46
       Call Canine Famil |     5 |     9 ||    14
       Magic Dart        |       |    19 ||    19
  Use: Scroll            |     2 |       ||     2
 Stab: Distracted        |     1 |     1 ||     2
  Eat: Chunk             |     5 |     6 ||    11
Armor: Skin              |    19 |    27 ||    46
Dodge: Dodged            |   100 |    82 ||   182
Block: Other             |    19 |    25 ||    44
